 Dungeon Sprint DCSS version 0.19-a0-743-ge0d55e4 (webtiles) character file.

4083 Buffagor the Carver (level 10, -5/88 HPs)
             Began as a Demonspawn Fighter on June 24, 2016.
             Was the Champion of Uskayaw.
             Slain by a 12-headed hydra (8 damage)
             ... in the Dungeon (Sprint IX: "|||||||||||||||||||||||||||||").
             The game lasted 00:02:15 (569 turns).

Buffagor the Carver (Demonspawn Fighter)             Turns: 569, Time: 00:02:16

Health: -5/88      AC: 21    Str: 19    XL:     10   Next: 5%
Magic:  10/10      EV: 13    Int: 10    God:    Uskayaw [******]
Gold:   25         SH: 13    Dex: 24    Spells: 0 memorised, 9 levels left

rFire  . . .     SeeInvis .     o - +7 Screaming Sword
rCold  . . .     Gourm    .     r - +1 chain mail
rNeg   . . .     Faith    .     c - +0 shield
rPois  .         Spirit   .     p - +0 helmet
rElec  .         Dismiss  .     (no cloak)
rCorr  .         Reflect  .     q - +0 pair of gloves
SustAt .         Harm     .     (no boots)
MR     .....     NoTele   +     (no amulet)
Stlth  ..........               t - +3 ring of dexterity
                                s - +3 ring of dexterity

@: agile, sanguine armour, not resistant to hostile enchantments, extremely
unstealthy
A: claws 1, powered by pain 1, spiny 2, sanguine armour 1
a: Stomp, Line Pass, Grand Finale, Renounce Religion


You were in the Dungeon.
You worshipped Uskayaw.
Uskayaw was exalted by your worship.
You were not hungry.

You visited 1 branch You collected 25 gold pieces.

Inventory:

Hand Weapons
 a - a +0 flail
 o - the +7 Screaming Sword (weapon)
   (You found it in the Dungeon)
Armour
 b - a +0 scale mail
 c - a +0 shield (worn)
 p - a +0 helmet (worn)
 q - a +0 pair of gloves (worn)
 r - a +1 chain mail (worn)
Jewellery
 s - a +3 ring of dexterity (left hand)
 t - a +3 ring of dexterity (right hand)
Wands
 n - a wand of lightning (7/15)
Scrolls
 k - 2 scrolls of blinking
 l - 5 scrolls of remove curse
 m - 2 scrolls of amnesia
 w - 4 scrolls of enchant armour
 x - 2 scrolls of enchant weapon
Potions
 d - a potion of invisibility
 e - 5 potions of curing
 g - 5 potions of heal wounds
 h - a potion of haste
 i - 4 potions of magic
 j - 2 potions of berserk rage
 u - 2 potions of might
 v - a potion of resistance
Comestibles
 f - a bread ration


   Skills:
 + Level 11.4 Fighting
 * Level 12.2 Long Blades
 - Level 3.3 Maces & Flails
 + Level 10.3 Armour
 - Level 1.4 Dodging
 + Level 10.8 Shields


You had 9 spell levels left.
You didn't know any spells.

Dungeon Overview and Level Annotations

Branches:
Dungeon (1/1)

Altars:
Cheibriados
Dithmenos
Elyvilon
Fedhas
Gozag
Hepliaklqana
Kikubaaqudgha
Makhleb
Nemelex Xobeh
Okawaru
Pakellas
Qazlal
Ru
Sif Muna
Trog
Uskayaw
Vehumet
Xom
Yredelemnul
Zin
The Shining One
Beogh
Jiyva
Lugonu


Innate Abilities, Weirdness & Mutations

You have sharp fingernails.
You sometimes gain a little power by taking damage.
You are mostly covered in sharp spines.
When seriously injured, your bleeding wounds create armour. (AC +6)


Message History

The Screaming Sword shrieks like a furious predator.
The monsters around you reel from the noise!
You block the 12-headed hydra's attack.
The 12-headed hydra bites you but does no damage. x3
You block the 12-headed hydra's attack. x2; The 12-headed hydra bites you!
* * * LOW HITPOINT WARNING * * *
The 12-headed hydra bites you but does no damage. x3
The 12-headed hydra bites you.
* * * LOW HITPOINT WARNING * * *
You block the 12-headed hydra's attack.
You barely miss the 12-headed hydra.
The 12-headed hydra is heavily wounded.
The Screaming Sword howls, "I SMELL BLOOD!"
The monsters around you reel from the noise!
You kill the giant frog!
You hear a trumpeting! x3
You block the 12-headed hydra's attack.
The 12-headed hydra bites you but does no damage.
You block the 12-headed hydra's attack. x2; The 12-headed hydra bites you!
You die...

▓_▓.▓
▓_▓.▓r▓
▓_▓.▓.▓
▓_▓.▓F▓
▓_▓.▓r▓
▓_▓.▓F▓
▓_▓.▓Y▓
▓_▓.▓D▓
▓_▓.▓@▓
▓_▓.▓.▓
▓_▓.▓.▓
▓_▓.▓.▓
▓_▓.▓.▓
▓_▓.▓†▓
▓_▓.▓†▓
▓_▓.▓†▓
▓_▓.▓†▓


You could see a 12-headed hydra, a yak, 2 spiny frogs, a porcupine and a river
rat.

Vanquished Creatures
  A rakshasa (D)
  An unseen horror (D)
  An ugly thing (D)
  A cyclops (D)
  A black mamba (D)
  2 komodo dragons (D)
  A wraith (D)
  A basilisk (D)
  A steam dragon (D)
  2 porcupines (D)
  2 water moccasins (D)
  A centaur (D)
  A crocodile (D)
  2 giant frogs (D)
  2 crimson imps (D)
  A quasit (D)
  An iguana (D)
  A worker ant (D)
  An adder zombie (D)
  A giant gecko (D)
  A bat (D)
  A bat zombie (D)
  A giant cockroach (D)
  A goblin (D)
  A kobold (D)
  A quokka zombie (D)
  2 rats (D)
33 creatures vanquished.

Vanquished Creatures (others)
  A giant frog (D)
1 creature vanquished.

Grand Total: 34 creatures vanquished

Notes
Turn   | Place    | Note
--------------------------------------------------------------
     0 | D        | Buffagor the Demonspawn Fighter began the quest for the Orb.
     0 | D        | Reached XP level 1. HP: 18/18 MP: 1/1
    23 | D        | Noticed a crimson imp
    23 | D        | Noticed a crimson imp
    23 | D        | Noticed a centaur
    28 | D        | Killed a centaur
    28 | D        | Reached skill level 5 in Fighting
    28 | D        | Reached skill level 5 in Shields
    28 | D        | Gained mutation: You are partially covered in sharp spines. [demonic ancestry]
    28 | D        | Reached XP level 2. HP: 21/27 MP: 2/2
    28 | D        | Gained mutation: You sometimes gain a little power by taking damage. [demonic ancestry]
    28 | D        | Reached XP level 3. HP: 25/33 MP: 3/3
    28 | D        | Reached XP level 4. HP: 30/39 MP: 4/4
    35 | D        | Reached skill level 5 in Armour
    35 | D        | Reached skill level 1 in Dodging
    42 | D        | Reached XP level 5. HP: 34/46 MP: 5/5
    50 | D        | Found a glowing silver altar of Zin.
    50 | D        | Found a glowing golden altar of the Shining One.
    50 | D        | Found an ancient bone altar of Kikubaaqudgha.
    50 | D        | Found a basalt altar of Yredelemnul.
    50 | D        | Found a shimmering altar of Xom.
    50 | D        | Found a radiant altar of Vehumet.
    51 | D        | Found an iron altar of Okawaru.
    52 | D        | Found a burning altar of Makhleb.
    53 | D        | Found a deep blue altar of Sif Muna.
    54 | D        | Found a bloodstained altar of Trog.
    55 | D        | Found a sparkling altar of Nemelex Xobeh.
    56 | D        | Found a white marble altar of Elyvilon.
    57 | D        | Found a roughly hewn altar of Beogh.
    58 | D        | Found a viscous altar of Jiyva.
    59 | D        | Found a corrupted altar of Lugonu.
    60 | D        | Found a blossoming altar of Fedhas.
    61 | D        | Found a snail-covered altar of Cheibriados.
    62 | D        | Found a shadowy altar of Dithmenos.
    63 | D        | Found a stormy altar of Qazlal.
    64 | D        | Found an opulent altar of Gozag.
    65 | D        | Found a sacrificial altar of Ru.
    66 | D        | Found an oddly glowing altar of Pakellas.
    67 | D        | Found a hide-covered altar of Uskayaw.
    68 | D        | Found a hazy altar of Hepliaklqana.
    75 | D        | Became a worshipper of Uskayaw the Reveler
   120 | D        | Noticed a steam dragon
   124 | D        | Reached * piety under Uskayaw
   125 | D        | Reached ** piety under Uskayaw
   126 | D        | Reached skill level 2 in Long Blades
   128 | D        | Reached *** piety under Uskayaw
   129 | D        | Reached **** piety under Uskayaw
   131 | D        | Killed a steam dragon
   131 | D        | Reached skill level 4 in Long Blades
   131 | D        | Gained mutation: You have sharp fingernails. [demonic ancestry]
   131 | D        | Reached XP level 6. HP: 22/55 MP: 1/6
   314 | D        | Noticed a rakshasa
   314 | D        | Noticed a cyclops
   314 | D        | Noticed a wraith
   314 | D        | Noticed a brown ugly thing
   320 | D        | Killed an unseen horror
   320 | D        | Reached skill level 7 in Long Blades
   320 | D        | Reached XP level 7. HP: 54/63 MP: 7/7
   324 | D        | Killed a wraith
   324 | D        | Reached skill level 8 in Long Blades
   324 | D        | Reached XP level 8. HP: 48/71 MP: 8/8
   324 | D        | Reached ***** piety under Uskayaw
   331 | D        | Killed a cyclops
   331 | D        | Reached skill level 9 in Long Blades
   332 | D        | Killed a rakshasa
   332 | D        | Reached skill level 10 in Fighting
   332 | D        | Reached skill level 10 in Long Blades
   332 | D        | Gained mutation: You are mostly covered in sharp spines. [demonic ancestry]
   332 | D        | Reached XP level 9. HP: 55/78 MP: 9/9
   339 | D        | Killed a white ugly thing
   339 | D        | Reached skill level 10 in Shields
   534 | D        | Noticed a komodo dragon
   534 | D        | Noticed a black mamba
   536 | D        | Noticed a komodo dragon
   539 | D        | Killed a black mamba
   539 | D        | Reached skill level 11 in Long Blades
   543 | D        | Killed a komodo dragon
   543 | D        | Reached skill level 10 in Armour
   544 | D        | Killed a komodo dragon
   546 | D        | Reached skill level 12 in Long Blades
   554 | D        | Noticed a spiny frog
   554 | D        | Noticed a seven-headed hydra
   556 | D        | Gained mutation: When seriously injured, your bleeding wounds create armour. (AC +6) [demonic ancestry]
   556 | D        | Reached XP level 10. HP: 83/88 MP: 10/10
   559 | D        | Noticed a spiny frog
   566 | D        | Reached ****** piety under Uskayaw
   568 | D        | HP: 3/88 [12-headed hydra (4)]
   569 | D        | Slain by a 12-headed hydra

Vault maps used:
D:        linesprint

Skill      XL: |  1  2  3  4  5  6  7  8  9 |
---------------+----------------------------+-----
Maces & Flails | 3 |  3.3
Armour         | 4 5 6 7 9 10 | 10.3
Shields        | 5 6 7 8 9 10 | 10.8
Fighting       | 5 6 7 8 9 10 11 | 11.4
Dodging        | 1 |  1.4
Long Blades    | 4 7 8 10 12 | 12.2

Action                   |  1- 3 |  4- 6 |  7- 9 | 10-12 || total
-------------------------+-------+-------+-------+-------++-------
Melee: Flail             |    17 |    13 |       |       ||    30
       Double sword      |       |    16 |    30 |    12 ||    58
Invok: Line Pass         |       |     1 |       |       ||     1
  Use: Potion            |     1 |       |       |       ||     1
 Stab: Paralysed         |       |     1 |     2 |       ||     3
Armor: Scale mail        |     6 |     6 |       |       ||    12
       Chain mail        |       |    12 |     7 |    29 ||    48
Dodge: Dodged            |     7 |     6 |     6 |    12 ||    31
Block: Shield            |     8 |    15 |    12 |    21 ||    56
